Workbook

Sheet Cover Page
G18: 2026 Balance Transfer Calculator
G19: 46055
G20: This information presented in this model represents pro-forma projections based on
G21: a variety of assumptions and does not represent a quote or contractual obligation.

Sheet 2026 BT Calculator
G8: Credit Cards Balance Transfer Calculator
H9: Other Issuer | I9: Collabria
G10: Balance Amount | H10: 9000 | I10: =H10 -> 9000
G11: APR | H11: 0.2199 | I11: 0
G12: One-time Balance Transfer Fee | H12: 0 | I12: 0.03
G13: Promotion Period in Months | H13: N/A | I13: 12
G15: Daily Rate | H15: =H11/365 -> 0.00060246575 | I15: =I11/365 -> 0
G16: Daily Interest | H16: =H10*H15 -> 5.4221918 | I16: =I10*I15 -> 0
G17: Monthly Interest | H17: =H16*30 -> 162.66575 | I17: =I16*30 -> 0
G18: Total Interest in Promotion Period | H18: ='Working Sheet'!C23 -> 1931.4435 | I18: ='Working Sheet'!Q23 -> 0
G19: One-time Balance Transfer Fee | H19: ='Working Sheet'!C24 -> 0 | I19: ='Working Sheet'!Q24 -> 270
G21: Total Interest + One-time Balance Transfer Fee | H21: ='Working Sheet'!C26 -> 1931.4435 | I21: ='Working Sheet'!Q26 -> 270
G23: Estimated Savings | I23: =H21-I21 -> 1661.4435
G25: Disclaimer: This calculator is for illustrative purposes only. The results are only an estimate and actual savings may be higher or lower depending on factors which may not have been assumed.
G26: Enter values in orange cells only.
G28: Key Assumptions
G29: 1. 2% minimum payment
G30: 2. Purchase revolving balance past the interest-free grace period
G31: 3. No other purchases/cash advance during the promo period
G32: 4. Assumes 30 days for each month
G33: 5. Assumes 365 calendar days in a year

Sheet Working Sheet
B1: Balance Transfer Calculator
B2: For Collabria use only. To see more details, please unprotect the worksheet and expand the grouped rows.
C3: Other Issuer | D3: Collabria
B4: Balance | C4: ='2026 BT Calculator'!H10 -> 9000 | D4: ='2026 BT Calculator'!I10 -> 9000
B5: APR | C5: ='2026 BT Calculator'!H11 -> 0.2199 | D5: ='2026 BT Calculator'!I11 -> 0
B6: One-Time Balance Transfer Fee | C6: ='2026 BT Calculator'!H12 -> 0 | D6: ='2026 BT Calculator'!I12 -> 0.03
B7: Promotion Period in Months | C7: ='2026 BT Calculator'!H13 -> N/A | D7: ='2026 BT Calculator'!I13 -> 12
B9: Other Issuer | P9: Collabria
C10: Month | Q10: Month
C11: 1 | D11: 2 | E11: 3 | F11: 4 | G11: 5 | H11: 6 | I11: 7 | J11: 8 | K11: 9 | L11: 10 | M11: 11 | N11: 12 | Q11: 1 | R11: 2 | S11: 3 | T11: 4 | U11: 5 | V11: 6 | W11: 7 | X11: 8 | Y11: 9 | Z11: 10 | AA11: 11 | AB11: 12
B12: Outstanding Balance | C12: =C4 -> 9000 | D12: =$C12-(C12*C13)+C21 -> 8982.6658 | E12: =D12-(D12*D13)+D21 -> 8965.3649 | F12: =E12-(E12*E13)+E21 -> 8948.0974 | G12: =F12-(F12*F13)+F21 -> 8930.8631 | H12: =G12-(G12*G13)+G21 -> 8913.662 | I12: =H12-(H12*H13)+H21 -> 8896.494 | J12: =I12-(I12*I13)+I21 -> 8879.3591 | K12: =J12-(J12*J13)+J21 -> 8862.2572 | L12: =K12-(K12*K13)+K21 -> 8845.1883 | ... N12: =M12-(M12*M13)+M21 -> 8811.149 | P12: Outstanding Balance | Q12: =D4 -> 9000 | R12: =$C12-($C12*Q13)+Q21 -> 8820 | S12: =R12-(R12*Q13)+R21 -> 8643.6 | T12: =S12-(S12*Q13)+S21 -> 8470.728 | U12: =T12-(T12*Q13)+T21 -> 8301.3134 | V12: =U12-(U12*Q13)+U21 -> 8135.2872 | W12: =V12-(V12*Q13)+V21 -> 7972.5814 | X12: =W12-(W12*Q13)+W21 -> 7813.1298 | Y12: =X12-(X12*Q13)+X21 -> 7656.8672 | Z12: =Y12-(Y12*R13)+Y21 -> 7503.7299 | AA12: =Z12-(Z12*S13)+Z21 -> 7353.6553 | AB12: =AA12-(AA12*T13)+AA21 -> 7206.5822
B13: Min Payment | C13: 0.02 | D13: 0.02 | E13: 0.02 | F13: 0.02 | G13: 0.02 | H13: 0.02 | I13: 0.02 | J13: 0.02 | K13: 0.02 | L13: 0.02 | M13: 0.02 | N13: 0.02 | P13: Min Payment | Q13: 0.02 | R13: 0.02 | S13: 0.02 | T13: 0.02 | U13: 0.02 | V13: 0.02 | W13: 0.02 | X13: 0.02 | Y13: 0.02 | Z13: 0.02 | AA13: 0.02 | AB13: 0.02
B15: APR | C15: =$C5 -> 0.2199 | D15: =$C5 -> 0.2199 | E15: =$C5 -> 0.2199 | F15: =$C5 -> 0.2199 | G15: =$C5 -> 0.2199 | H15: =$C5 -> 0.2199 | I15: =$C5 -> 0.2199 | J15: =$C5 -> 0.2199 | ... N15: =$C5 -> 0.2199 | P15: APR | Q15: =$D5 -> 0 | R15: =$D5 -> 0 | S15: =$D5 -> 0 | T15: =$D5 -> 0 | U15: =$D5 -> 0 | V15: =$D5 -> 0 | W15: =$D5 -> 0 | X15: =$D5 -> 0 | ... AB15: =$D5 -> 0
B16: One-time Fee | C16: =C6 -> 0 | P16: Fees | Q16: =D6 -> 0.03
B17: Promotion Period in Months | C17: =C7 -> N/A | P17: Promotion Period in Months | Q17: =D7 -> 12
B19: Daily Rate | C19: =C15/365 -> 0.00060246575 | D19: =D15/365 -> 0.00060246575 | E19: =E15/365 -> 0.00060246575 | F19: =F15/365 -> 0.00060246575 | G19: =G15/365 -> 0.00060246575 | H19: =H15/365 -> 0.00060246575 | I19: =I15/365 -> 0.00060246575 | J19: =J15/365 -> 0.00060246575 | ... N19: =N15/365 -> 0.00060246575 | P19: Daily Rate | Q19: =Q15/365 -> 0 | R19: =R15/365 -> 0 | S19: =S15/365 -> 0 | T19: =T15/365 -> 0 | U19: =U15/365 -> 0 | V19: =V15/365 -> 0 | W19: =W15/365 -> 0 | X19: =X15/365 -> 0 | ... AB19: =AB15/365 -> 0
B20: Daily Interest | C20: =C12*C19 -> 5.4221918 | D20: =D12*D19 -> 5.4117485 | E20: =E12*E19 -> 5.4013253 | F20: =F12*F19 -> 5.3909222 | G20: =G12*G19 -> 5.3805392 | H20: =H12*H19 -> 5.3701761 | I20: =I12*I19 -> 5.359833 | J20: =J12*J19 -> 5.3495098 | ... N20: =N12*N19 -> 5.3084155 | P20: Daily Interest | Q20: =Q12*Q19 -> 0 | R20: =R12*R19 -> 0 | S20: =S12*S19 -> 0 | T20: =T12*T19 -> 0 | U20: =U12*U19 -> 0 | V20: =V12*V19 -> 0 | W20: =W12*W19 -> 0 | X20: =X12*X19 -> 0 | ... AB20: =AB12*AB19 -> 0
B21: Monthly Interest | C21: =C20*30 -> 162.66575 | D21: =D20*30 -> 162.35245 | E21: =E20*30 -> 162.03976 | F21: =F20*30 -> 161.72767 | G21: =G20*30 -> 161.41617 | H21: =H20*30 -> 161.10528 | I21: =I20*30 -> 160.79499 | J21: =J20*30 -> 160.48529 | ... N21: =N20*30 -> 159.25246 | P21: Monthly Interest | Q21: =Q20*30 -> 0 | R21: =R20*30 -> 0 | S21: =S20*30 -> 0 | T21: =T20*30 -> 0 | U21: =U20*30 -> 0 | V21: =V20*30 -> 0 | W21: =W20*30 -> 0 | X21: =X20*30 -> 0 | ... AB21: =AB20*30 -> 0
B23: Total Interest in Promo Period | C23: =SUM(C21:N21) -> 1931.4435 | P23: Total Interest in Promo Period | Q23: =SUM(Q21:Y21) -> 0
B24: One-Time Balance Transfer Fee | C24: =C12*C16 -> 0 | P24: One-time Fee | Q24: =Q12*Q16 -> 270
B26: Total Interest + BT Fee | C26: =SUM(C23:C24) -> 1931.4435 | P26: Total Interest + Fees | Q26: =SUM(Q23:Q24) -> 270

Sheet Sheet1
